 Dungeon Crawl Stone Soup version 0.32-a0-876-gcfddb08e57 (webtiles) character file.

Game seed: 14063199321004810934

3525 lyndar the Blocker (level 10, 0/71 (79) HPs)
             Began as a Formicid Fighter on Apr 1, 2024.
             Was a Believer of Nemelex Xobeh.
             Slain by Joseph
             ... wielding a +2 quarterstaff of draining
              (1 damage)
             ... on level 7 of the Dungeon.
             The game lasted 00:12:46 (5927 turns).

lyndar the Blocker (Formicid Fighter)               Turns: 5927, Time: 00:12:48

HP:   0/71 (79)     AC: 12    Str: 22    XL:     10   Next: 29%
MP:   13/13         EV:  9    Int:  9    God:    Nemelex Xobeh [**....]
Gold: 282           SH:  0    Dex: 17    Spells: 9/9 levels left

rFire   . . .        s - +0 war axe (venom)
rCold   . . .        i - +0 buckler
rNeg    . . .        p - +3 ring mail of Inliy {Regen+ Dex+2}
rPois   .            (helmet unavailable)
rElec   .            u - +0 cloak
rCorr   .            (no gloves)
SInv    +            t - +0 pair of boots
Will    +....        b - amulet of reflection
Stlth   +            (no ring)
HPRegen 1.11/turn    (no ring)
MPRegen 0.13/turn

%: reflection
@: confused, studying Necromancy, heavily drained
A: permanent stasis, dig shafts and tunnels, antennae 3, four strong arms
a: Dig, Shaft Self, Renounce Religion, Draw Escape, Draw Destruction, Draw
Summoning


You were on level 7 of the Dungeon.
You worshipped Nemelex Xobeh.
Nemelex Xobeh was pleased with you.
You visited 1 branch of the dungeon, and saw 7 of its levels.
You also visited: Ossuary.

You collected 282 gold pieces.

Inventory:

Hand Weapons
 k - a +4 halberd of freezing
 s - a +0 war axe of venom (weapon)
Missiles
 a - 6 javelins
Armour
 c - a +0 buckler
 i - a +0 buckler (worn)
 p - the +3 ring mail of Inliy (worn) {Regen+ Dex+2}
   (You found it on level 2 of the Dungeon)

   Dex+2:     It affects your dexterity (+2).
   Regen+:    It increases your rate of health regeneration.
 t - a +0 pair of boots (worn)
 u - a +0 cloak (worn)
Jewellery
 b - an amulet of reflection (around neck)
 j - a ring of fire
 H - a ring of magical power
 I - a ring of positive energy
Wands
 z - a wand of roots (15)
 E - a wand of flame (22)
 J - a wand of digging (4)
Scrolls
 e - a scroll of vulnerability {unknown}
 f - a scroll of silence {unknown}
 g - a scroll of amnesia {unknown}
 n - 3 scrolls of enchant armour {unknown}
 q - 6 scrolls of teleportation {unknown}
 r - a scroll of blinking {unknown}
 y - 2 scrolls of fog {unknown}
 A - a scroll of immolation {unknown}
 C - 2 scrolls of noise {unknown}
 K - a scroll of fear {unknown}
Potions
 d - 2 potions of might
 h - 5 potions of curing
 l - a potion of attraction
 m - 3 potions of resistance
 o - 4 potions of mutation
 v - 2 potions of magic
 x - 2 potions of heal wounds {unknown}
 B - 2 potions of invisibility {unknown}
 D - a potion of cancellation {unknown}
 F - a potion of ambrosia {unknown}
 G - a potion of experience {unknown}


   Skills:
 + Level 7.1 Fighting
 * Level 8.4 Axes
 + Level 7.0 Armour
 - Level 5.0 Stealth
 + Level 8.4 Shields
 - Level 5.0 Invocations


You had 9 spell levels left.
You didn't know any spells.
Your spell library contained the following spells:

 Spells                   Type           Power      Damage    Failure   Level
 Kiss of Death            Conj/Necr      0%         2d5       58%         1
 Sandblast                Erth           0%         2d4       58%         1
 Shock                    Conj/Air       0%         1d3       58%         1
 Summon Small Mammal      Summ           0%         N/A       58%         1
 Lesser Beckoning         Tloc           0%         N/A       73%         2
 Call Canine Familiar     Summ           0%         N/A       91%         3
 Confusing Touch          Hex            0%         N/A       91%         3
 Stone Arrow              Conj/Erth      0%         3d7       91%         3
 Teleport Other           Tloc           0%         N/A       91%         3
 Airstrike                Air            0%         2d(0-16)  100%        4
 Brom's Barrelling Bould  Conj/Erth      0%         2d3       100%        4
 Dispel Undead            Necr           0%         3d6       100%        4
 Summon Blazeheart Golem  Fire/Summ      0%         N/A       100%        4
 Swiftness                Air            Unusable   N/A       N/A         3
 Maxwell's Portable Pile  Tloc           Unusable   2d(5-10)  N/A         4

Dungeon Overview and Level Annotations

Branches:
Dungeon (7/15)             Temple (0/1) D:5         Ossuary (visited)

Altars:
Dithmenos
Elyvilon
Nemelex Xobeh
Okawaru
Qazlal
Uskayaw
Wu Jian
Xom
Zin

Shops:
D:2 [

Annotations:
D:7 Joseph


Innate Abilities, Weirdness & Mutations

You cannot be hasted, slowed, berserked, paralysed or teleported.
You can dig through walls and to a lower floor.
You have a pair of large antennae on your head. (SInv)
Your four strong arms can wield two-handed weapons with a shield.


Message History

You feel drained.
You barely miss Joseph.
Joseph is lightly wounded.
Joseph barely misses you.
You barely miss Joseph.
Joseph is lightly wounded.
Joseph zaps a wand.
The bolt of light hits you.
You slash Joseph!
Joseph looks as sick as possible!
Joseph is moderately wounded.
You block Joseph's attack. Joseph barely misses you.
You barely miss Joseph.
Joseph is moderately wounded.
Joseph hits you with a +2 quarterstaff of draining.
You feel drained.
You hit Joseph but do no damage.
Joseph looks as sick as possible!
Joseph is moderately wounded.
Joseph hits you with a +2 quarterstaff of draining.
You feel drained.
You barely miss Joseph.
Joseph is moderately wounded.
Joseph zaps a wand.
The bolt of light hits you!!
You are confused.
Joseph shouts, "I love to fight!
I love killing!"
Joseph zaps a wand.
The bolt of light hits you!
You are more confused.
Joseph zaps a wand.
The bolt of light hits you!!
You are more confused.
* * * LOW HITPOINT WARNING * * *
You hit Joseph.
Joseph is heavily wounded.
Joseph zaps a wand.
The bolt of light hits you!
You are more confused.
* * * LOW HITPOINT WARNING * * *
You hit Joseph but do no damage.
Joseph looks as sick as possible!
Joseph is heavily wounded.
Joseph hits you with a +2 quarterstaff of draining!
* * * LOW HITPOINT WARNING * * *
You feel drained.
You die...
Your body glows slightly and disappears.

........###..######....##
#####...###..## #>...##
#.....#....+ .........
#.....#....#..........
#.....'....#..........
###+###.##########..##
...##..###.# #..##
...........# ........@..+
.......@...#### #
...##..##.[# ..######..#
## ##########...#..##..#
#........+ .....##..#
#.....).#####.......#
##..##).##....))~...##
###..##)).#....~~....##
+.....#..)).....~~~..#.


You could see Joseph (extremely poisoned).

Vanquished Creatures
  Pikel (D:4)
  2 hornets
  2 steam dragons
  2 water moccasins
  3 black bears
  An ice beast (D:5)
  2 centaurs
  A kobold brigand (D:7)
  3 lemures (D:4)
  3 bullfrogs
  A gnoll sergeant (D:6)
  2 burial acolytes (Ossuary)
  9 wights
  A howler monkey (D:4)
  A bombardier beetle (D:4)
  2 hounds
  2 sleepcaps
  4 jellies
  Natasha (thrice) (D:4)
  4 iguanas
  6 adders
  13 gnolls
  2 ufetubi (D:6)
  5 ribbon worms
  2 dart slugs (D:1)
  7 orcs
  7 endoplasms
  3 giant cockroaches
  8 goblins
  3 hobgoblins
  5 jackals
  7 quokkas
  10 ball pythons
  2 ball python skeletons (Ossuary)
  2 bats
  4 frilled lizards
  2 hobgoblin skeletons (Ossuary)
  16 kobolds
  2 kobold skeletons (Ossuary)
  An orc skeleton (Ossuary)
  4 rats
160 creatures vanquished.

Notes
Turn   | Place    | Note
-------+----------+-------------------------------------------
     0 | D:1      | lyndar the Formicid Fighter began the quest for the Orb.
     0 | D:1      | Reached XP level 1. HP: 18/18 MP: 1/1
    76 | D:1      | Reached XP level 2. HP: 24/24 MP: 2/2
   345 | D:1      | Reached skill level 1 in Stealth
   345 | D:1      | Reached XP level 3. HP: 29/29 MP: 3/3
   810 | D:2      | Reached XP level 4. HP: 37/37 MP: 4/4
   973 | D:2      | Identified the +3 ring mail of Inliy {Regen+ Dex+2}
  1161 | D:2      | Found Cuevug's Armour Shop.
  1446 | D:2      | Reached XP level 5. HP: 42/42 MP: 5/5
  1574 | D:2      | Found a faded altar of an unknown god.
  1965 | D:3      | Found a sparkling altar of Nemelex Xobeh.
  1973 | D:3      | Became a worshipper of Nemelex Xobeh the Trickster
  2246 | D:3      | Found a hide-covered altar of Uskayaw.
  2249 | D:3      | Found a shimmering altar of Xom.
  2254 | D:3      | Found a glowing silver altar of Zin.
  2254 | D:3      | Found a white marble altar of Elyvilon.
  2562 | D:4      | Noticed Natasha
  2563 | D:4      | Reached skill level 5 in Shields
  2563 | D:4      | Reached XP level 6. HP: 47/48 MP: 6/6
  2564 | D:4      | Killed Natasha
  2565 | D:4      | Reached skill level 1 in Invocations
  2569 | D:4      | Noticed Pikel
  2599 | D:4      | Killed Pikel
  2600 | D:4      | Reached XP level 7. HP: 50/55 MP: 6/8
  2776 | D:4      | Reached XP level 8. HP: 61/61 MP: 9/9
  2782 | D:4      | Reached skill level 5 in Axes
  2845 | D:4      | Noticed Natasha
  2856 | D:4      | Killed Natasha
  2927 | D:4      | Reached skill level 5 in Fighting
  3043 | D:4      | Noticed Natasha
  3047 | D:4      | Killed Natasha
  3050 | D:4      | Noticed a hornet
  3058 | D:4      | Killed a hornet
  3059 | D:4      | Reached skill level 5 in Armour
  3422 | D:5      | Entered Level 5 of the Dungeon
  3446 | D:5      | Found a sand-covered staircase.
  3451 | Ossuary  | Entered an ossuary
  3463 | Ossuary  | Reached * piety under Nemelex Xobeh
  3634 | Ossuary  | Reached XP level 9. HP: 54/67 MP: 11/11
  3708 | Ossuary  | Reached skill level 5 in Stealth
  3886 | D:5      | Found a staircase to the Ecumenical Temple.
  3963 | D:5      | Received a gift from Nemelex Xobeh
  4400 | D:5      | Received a gift from Nemelex Xobeh
  4910 | D:6      | Reached ** piety under Nemelex Xobeh
  5144 | D:6      | Reached skill level 5 in Invocations
  5166 | D:6      | Found a stormy altar of Qazlal.
  5166 | D:6      | Found an ornate altar of the Wu Jian Council.
  5166 | D:6      | Found an iron altar of Okawaru.
  5219 | D:6      | Found a shadowy altar of Dithmenos.
  5244 | D:6      | Received a gift from Nemelex Xobeh
  5605 | D:7      | Reached XP level 10. HP: 44/77 MP: 13/13
  5911 | D:7      | Noticed Joseph
  5927 | D:7      | HP: 1/74 [Joseph/+2 quarterstaff of draining (13)]
  5927 | D:7      | Slain by Joseph

Illustrated notes

Levels and vault maps discovered:
D:1:      ebering_trefoil_twist, layout_basic, nrook_uturn, minmay_tromino_v2
D:2:      layout_loops_corners, dilly_ecumenical_altar_fadedgnrine,
          serial_forest, infiniplex_forest_straight_3,
          infiniplex_forest_clump_long, infiniplex_forest_lined_room_2,
          infiniplex_forest_lined_4_way, infiniplex_forest_clump_medium,
          infiniplex_forest_clump_small, infiniplex_forest_lined_3_way,
          serial_shops, shop_statue
D:3:      layout_basic, nemelex_xobeh_ov_fountains_minmay,
          grunt_temple_overflow_open
D:4:      layout_loops_corners, uniq_natasha, uniq_pikel
D:5:      layout_layer_cave, temple_hall, nicolae_ossuary_entry_plus
D:6:      kennysheep_steamy, layout_basic, grunt_temple_overflow_cloverleaf
D:7:      layout_gridville, serial_rivers, chequers_serial_rivers_micro_e,
          chequers_serial_rivers_micro_e, chequers_serial_rivers_micro_c,
          chequers_serial_rivers_micro_d, chequers_serial_rivers_micro_d,
          chequers_serial_rivers_micro_c, uniq_jeremiah, uniq_joseph

Skill      XL: |  1  2  3  4  5  6  7  8  9 10 |
---------------+-------------------------------+-----
Stealth        | 1 2 3 4 5 |  5.0
Axes           | 3 4 6 7 8 |  8.4
Fighting       | 4 5 6 7 |  7.1
Armour         | 4 5 6 7 |  7.0
Shields        | 5 6 7 8 |  8.4
Invocations    | 2 3 5 |  5.0

Action                     |  1- 3 |  4- 6 |  7- 9 | 10-12 || total
---------------------------+-------+-------+-------+-------++-------
  Melee: War axe           |    79 |   162 |   213 |    74 ||   528
 Invoke: Draw Destruction  |       |       |     1 |       ||     1
    Use: Scroll            |       |       |     5 |     1 ||     6
   Stab: Sleeping          |       |     2 |     8 |     2 ||    12
 Armour: Scale mail        |    72 |    17 |       |       ||    89
         Ring mail         |       |    75 |   138 |    42 ||   255
  Dodge: Dodged            |    25 |    42 |    83 |    19 ||   169
  Block: Buckler           |    27 |    67 |   143 |    43 ||   280
         Reflection        |       |     3 |     7 |     2 ||    12

Table legend: (Time is in decaauts)
 A = Elapsed time spent in this place.
 B = Non-inter-level travel time spent in this place.
 C = Inter-level travel time spent in this place.
 D = Time resting spent in this place.
 E = Time spent auto-exploring this place.
 F = Levels seen in this place.
 G = Mean time per level.
                   A        B        C        D        E       F      G
               +--------+--------+--------+--------+--------+-----+--------+
         Total |   6074 |   5915 |    159 |     26 |   4339 |   8 |  759.2 |
       Dungeon |   5705 |   5546 |    159 |     26 |   4137 |   7 |  815.0 |
       Ossuary |    369 |    369 |      0 |      0 |    202 |   1 |  369.0 |
               +--------+--------+--------+--------+--------+-----+--------+

Top non-repeatable levels by time:
     D:5: 1134 daAuts
     D:2: 1091 daAuts
     D:4: 1064 daAuts
     D:1: 837 daAuts
     D:6: 708 daAuts
     D:3: 536 daAuts
 Ossuary: 369 daAuts
     D:7: 331 daAuts
